 Dungeon Crawl Stone Soup version 0.31-a0-1280-g1fbed5c (webtiles) character file.

Game seed: 13821847292893651178

11883 gompami the Summoner (level 12, -2/114 HPs)
             Began as a Kobold Summoner on Dec 17, 2023.
             Was a Believer of Wu Jian.
             Succumbed to a meliai's poison
             ... on level 12 of the Dungeon.
             The game lasted 00:53:30 (14487 turns).

gompami the Summoner (Kobold Summoner)             Turns: 14487, Time: 00:53:30

Health: -2/114     AC: 30    Str: 13    XL:     12   Next: 13%
Magic:  16/18      EV:  3    Int: 18    God:    Wu Jian [**....]
Gold:   1128       SH:  0    Dex: 17    Spells: 3/19 levels left

rFire   . . .        b - +4 dagger (venom)
rCold   . . .        (no shield)
rNeg    . . .        C - melded +2 robe {rC+ rF+}
rPois   +            K - melded +0 helmet
rElec   .            h - melded +0 cloak
rCorr   .            D - melded +2 pair of gloves
SInv    .            G - melded +0 pair of boots {Fly}
Will    .....        (no amulet)
Stlth   +++          j - +4 ring of protection
HPRegen 0.39/turn    v - +6 ring of strength
MPRegen 0.16/turn

%: no passive effects
@: lethally poisoned (-2 -> -10), tree-form, unable to call your familiar
A: stationary, stasis, torment immunity, boosted hp, small, no large weapons,
nightstalker 3
a: Renounce Religion, Wall Jump


You were on level 12 of the Dungeon.
You worshipped Wu Jian.
Wu Jian was pleased with you.
You were a tree.
You visited 2 branches of the dungeon, and saw 13 of its levels.
You also visited: Ossuary and Bailey.

You collected 1646 gold pieces.
You spent 518 gold pieces at shops.

Inventory:

Hand Weapons
 a - a +2 dagger of speed
 b - a +4 dagger of venom (weapon)
 t - a +2 vampiric dagger
 H - a +0 rapier
Missiles
 E - 24 poisoned darts (quivered)
 J - a throwing net
Armour
 h - a +0 cloak (melded)
 r - a +0 troll leather armour
 C - a +2 robe of resistance (melded)
 D - a +2 pair of gloves (melded)
 G - a +0 pair of boots of flying (melded)
 K - a +0 helmet (melded)
Magical Staves
 B - a staff of air
Jewellery
 j - a +4 ring of protection (left branch)
 v - a +6 ring of strength (right branch)
 M - an amulet of faith
Wands
 l - a wand of polymorph (6)
 p - a wand of flame (19)
 w - a wand of roots (14)
 F - a wand of charming (1)
Scrolls
 c - 2 scrolls of revelation
 d - 7 scrolls of enchant weapon
 e - 4 scrolls of noise
 f - 4 scrolls of blinking
 k - 2 scrolls of amnesia
 n - 8 scrolls of teleportation
 o - a scroll of enchant armour {unknown}
 q - 3 scrolls of torment
 y - a scroll of immolation
 z - a scroll of poison {unknown}
 L - a scroll of vulnerability {unknown}
 O - a scroll of fog {unknown}
Potions
 g - 5 potions of lignification
 m - 2 potions of brilliance
 u - 4 potions of might
 x - a potion of cancellation {unknown}
 A - 3 potions of haste {unknown}
 I - a potion of magic
 P - a potion of enlightenment {unknown}
Miscellaneous
 N - a lightning rod (1/4)


   Skills:
 - Level 9.0 Fighting
 - Level 10.0 Short Blades
 - Level 4.0 Throwing
 - Level 3.5 Dodging
 - Level 2.6 Stealth
 + Level 6.4 Unarmed Combat
 + Level 4.2 Spellcasting
 - Level 4.0 Hexes
 + Level 10.1 Summonings
 + Level 4.3 Air Magic
 + Level 5.1 Evocations


You had 3 spell levels left.
You knew the following spells:

 Your Spells              Type           Power      Damage    Failure   Level
a - Summon Small Mammal   Summ           100%       N/A       1%          1
b - Call Imp              Summ           80%        N/A       1%          2
c - Call Canine Familiar  Summ           40%        N/A       1%          3
d - Summon Guardian Gole  Hex/Summ       29%        N/A       2%          3
e - Sigil of Binding      Hex            18%        N/A       9%          3
f - Summon Lightning Spi  Summ/Air       29%        N/A       8%          4

Your spell library contained the following spells:

 Spells                   Type           Power      Damage    Failure   Level
 Shock                    Conj/Air       44%        1d5       6%          1
 Swiftness                Air            19%        N/A       8%          3
 Ensorcelled Hibernation  Hex/Ice        20%        N/A       10%         2
 Necrotise                Necr           12%        1d4       14%         1
 Sandblast                Erth           6%         2d5       14%         1
 Blink                    Tloc           6%         N/A       22%         2
 Lesser Beckoning         Tloc           6%         N/A       22%         2
 Momentum Strike          Conj/Tloc      6%         3d8       22%         2
 Passwall                 Tmut/Erth      2%         N/A       22%         2
 Gell's Gravitas          Tloc           3%         N/A       41%         3
 Hailstorm                Conj/Ice       3%         3d5       41%         3
 Stone Arrow              Conj/Erth      6%         3d7       41%         3
 Teleport Other           Tloc           3%         N/A       41%         3
 Vampiric Draining        Necr           3%         2d6       41%         3
 Summon Ice Beast         Ice/Summ       22%        N/A       19%         4
 Airstrike                Air            9%         2d(2-18)  24%         4
 Dimensional Bullseye     Hex/Tloc       5%         N/A       54%         4
 Brom's Barrelling Bould  Conj/Erth      3%         2d3       82%         4
 Leda's Liquefaction      Tmut/Erth      1%         N/A       82%         4
 Agony                    Necr           3%         N/A       99%         5
 Lee's Rapid Deconstruct  Erth           1%         3d4*      99%         5
 Bombard                  Conj/Erth      1%         9d1       100%        6
 Simulacrum               Ice/Necr       1%         N/A       100%        6
 Orb of Destruction       Conj           1%         9d5       100%        7
 Spellforged Servitor     Conj/Summ      11%        N/A       100%        7


Dungeon Overview and Level Annotations

Branches:
Dungeon (12/15)            Temple (1/1) D:7             Orc (0/2) D:9
Ossuary (visited)          Bailey (visited)
   Lair: D:8-11

Altars:
Ashenzari
Cheibriados
Dithmenos
Elyvilon
Fedhas
Gozag
Hepliaklqana
Kikubaaqudgha
Makhleb
Nemelex Xobeh
Okawaru
Qazlal
Ru
Sif Muna
Trog
Uskayaw
Vehumet
Wu Jian
Xom
Yredelemnul
Zin
The Shining One

Shops:
D:1 =   D:4 [   D:10 *

Annotations:
D:4 2 transporters, PiratePeteNZ's ghost, amateur DECj
D:5 1 runed translucent door, Caterwaul's ghost, novice DrHu
D:7 2 transporters, Kave's ghost, novice TrSh
D:11 Erolcha; Nergalle


Innate Abilities, Weirdness & Mutations

You are a tree.
Your roots penetrate the ground, keeping you stationary.
You cannot be teleported.
You are immune to unholy pain and torment.
Your maximum health is greatly increased.
Your equipment is partially melded.
You are small and have problems with some larger weapons.
You are completely attuned to the shadows.


Message History

You feel very sick. The meliai hits you but does no damage.
The meliai hits your inugami with a +0 hand axe!
The meliai stings you but does no damage.
The meliai barely misses you.
The meliai hits your inugami with a +0 hand axe!
Your inugami dies!
Your inugami disappears in a puff of smoke!
The meliai stings you but does no damage.
Okay, then.
Aiming: Charm
Press: ? - help, Shift-Dir - straight line, f/p - meliai
Aim: a meliai, wielding a +0 hand axe and wearing a +0 leather armour (lightly wounded, chance to affect: 62%)
Okay, then.
You turn into a tree.
Your +0 cloak melds into your body.
Your +0 helmet melds into your body.
Your +2 pair of gloves melds into your body.
Your +0 pair of boots of flying melds into your body.
Your +2 robe of resistance melds into your body.
You float gracefully downwards.
You feel hot and cold all over.
Your roots penetrate the ground.
* * * LOW HITPOINT WARNING * * *
You feel very sick. The meliai hits you but does no damage.
The meliai stings you but does no damage.
The meliai hits you but does no damage. The meliai stings you.
* * * LOW HITPOINT WARNING * * *
Aiming: Charm
Press: ? - help, Shift-Dir - straight line, f/p - meliai
Aim: a meliai, wielding a +0 hand axe and wearing a +0 leather armour (lightly wounded, chance to affect: 62%)
The meliai resists with significant effort.
* * * LOW HITPOINT WARNING * * *
You feel sick. The meliai hits you but does no damage.
The meliai stings you but does no damage.
The meliai hits you but does no damage. The meliai barely misses you.
Aiming: Charm
Press: ? - help, Shift-Dir - straight line, f/p - meliai
Aim: a meliai, wielding a +0 hand axe and wearing a +0 leather armour (lightly wounded, chance to affect: 62%)
The meliai is charmed.
You die...

#.............
#.............
#.............
#.......).....
##.#########...
##..#$.$# .....
#...#)#!# ....##
###y#†#'''#.....#.
#♣yy..).*... .
###'''#.#.## .
#.#...# . #..... .
#..... . ..###. .
. #....... .
#....... .


You could see 2 killer bees and a friendly meliai (charmed).

Vanquished Creatures
  An orc warlord (Bailey)
  A two-headed ogre (D:10)
  An ugly thing (D:11)
  Maurice (D:8)
  Maggie (D:9)
  3 trolls
  2 meliai (D:12)
  Grinder (D:3)
  A wraith (D:9)
  4 wyverns
  An acid dragon (D:10)
  7 orc warriors
  A sky beast (D:8)
  A black bear (D:8)
  2 ice beasts
  3 centaurs
  A kobold brigand (D:9)
  A bullfrog (D:9)
  A scorpion (D:4)
  4 wights
  11 killer bees
  A hound (D:4)
  8 orc priests
  A gnoll bouda (D:8)
  An iguana (D:5)
  Terence (D:3)
  2 sleepcaps (D:8)
  4 orc wizards
  2 ogre zombies (Ossuary)
  A mummy (Ossuary)
  5 gnolls
  3 adders (D:5)
  An adder zombie (Ossuary)
  A worm (D:4)
  26 orcs
  2 bats
  6 endoplasms
  3 giant cockroaches
  8 goblins
  10 hobgoblins
  11 kobolds
  2 quokkas
  2 ball pythons (D:2)
  A frilled lizard (D:2)
  3 goblin zombies (Ossuary)
  A hobgoblin zombie (Ossuary)
  2 kobold zombies (Ossuary)
  A quokka zombie (Ossuary)
  A rat (D:1)
  A rat zombie (Ossuary)
160 creatures vanquished.

Vanquished Creatures (collateral kills)
  A gargoyle (D:11)
  A tengu conjurer (D:12)
  A troll (D:9)
  2 shadows
  Sigmund (D:3)
  A wraith (D:10)
  A vampire mosquito (D:11)
  Menkaure (Ossuary)
  An acid dragon (D:10)
  Duvessa (D:6)
  6 orc warriors
  A sky beast (D:4)
  A black bear (D:7)
  2 ice beasts
  An ogre (D:6)
  A bullfrog (D:7)
  3 scorpions
  4 wights
  Dowan (D:6)
  2 killer bees (D:8)
  A howler monkey (D:5)
  2 centaur zombies (Ossuary)
  2 jellies
  A human zombie (Ossuary)
  3 orc priests
  2 hounds
  Natasha (thrice) (D:3)
  An iguana (D:6)
  2 orc wizards
  An ogre zombie (Ossuary)
  5 mummies (Ossuary)
  7 adders
  4 gnolls
  2 ufetubi (D:6)
  4 adder zombies (Ossuary)
  2 dart slugs (D:2)
  7 orcs
  2 ball pythons
  2 bats (D:1)
  5 endoplasms
  A giant cockroach (D:4)
  7 hobgoblins
  A quokka (D:1)
  3 frilled lizards (D:1)
  3 goblins
  A goblin zombie (Ossuary)
  3 hobgoblin zombies (Ossuary)
  2 kobolds
  2 kobold zombies (Ossuary)
  An orc zombie (Ossuary)
  2 quokka zombies (Ossuary)
  2 rat zombies (Ossuary)
119 creatures vanquished.

Vanquished Creatures (others)
  A gargoyle (D:12)
  An orc warrior (Bailey)
2 creatures vanquished.

Grand Total: 281 creatures vanquished

Notes
Turn   | Place    | Note
-------+----------+-------------------------------------------
     0 | D:1      | gompami the Kobold Summoner began the quest for the Orb.
     0 | D:1      | Reached XP level 1. HP: 10/10 MP: 3/3
    23 | D:1      | Reached skill level 1 in Fighting
    26 | D:1      | Reached XP level 2. HP: 17/17 MP: 1/5
    39 | D:1      | Learned a level 2 spell: Call Imp
   216 | D:1      | Found Jogrup's Jewellery Boutique.
   864 | D:1      | Reached XP level 3. HP: 22/22 MP: 3/6
   868 | D:1      | Learned a level 3 spell: Call Canine Familiar
  1242 | D:2      | Reached XP level 4. HP: 25/28 MP: 5/7
  2031 | D:3      | Noticed Natasha
  2039 | D:3      | Killed Natasha
  2040 | D:3      | Reached XP level 5. HP: 33/33 MP: 2/8
  2099 | D:3      | Noticed Sigmund
  2132 | D:3      | Killed Sigmund
  2133 | D:3      | Reached XP level 6. HP: 19/38 MP: 3/9
  2299 | D:3      | Learned a level 3 spell: Summon Guardian Golem
  2581 | D:3      | Noticed Grinder
  2601 | D:3      | Paralysed by Grinder for 4 turns
  2621 | D:3      | Killed Grinder
  2622 | D:3      | Reached XP level 7. HP: 43/43 MP: 2/10
  2827 | D:3      | Noticed Terence
  2836 | D:3      | Killed Terence
  3029 | D:3      | Found a shimmering altar of Xom.
  3029 | D:3      | Found a glowing golden altar of the Shining One.
  3029 | D:3      | Found a blossoming altar of Fedhas.
  3344 | D:3      | Noticed Natasha
  3352 | D:3      | Killed Natasha
  3357 | D:3      | Noticed Natasha
  3368 | D:3      | Killed Natasha
  3437 | D:4      | Reached skill level 1 in Evocations
  3443 | D:4      | Found a sand-covered staircase.
  3497 | Ossuary  | Entered an ossuary
  3627 | Ossuary  | Reached XP level 8. HP: 48/48 MP: 6/11
  3916 | Ossuary  | Noticed Menkaure
  3924 | Ossuary  | Killed Menkaure
  3925 | Ossuary  | Reached skill level 1 in Hexes
  4142 | D:4      | Found a stormy altar of Qazlal.
  4163 | D:4      | Reached skill level 5 in Short Blades
  4280 | D:4      | Found a transporter.
  4351 | D:4      | Found Susugiun's Armour Boutique.
  4697 | D:4      | Found a transporter.
  4699 | D:4      | Noticed PiratePeteNZ's ghost (amateur DECj)
  4973 | D:5      | Entered Level 5 of the Dungeon
  5496 | D:4      | Bought the +0 robe "Fetelis" {Int+2 Dex+2} for 209 gold
                  | pieces
  5558 | D:5      | Found a runed translucent door.
  5558 | D:5      | Noticed Caterwaul's ghost (novice DrHu)
  5657 | D:5      | Reached skill level 1 in Unarmed Combat
  5817 | D:5      | Reached XP level 9. HP: 52/52 MP: 8/12
  6617 | D:6      | Learned a level 3 spell: Sigil of Binding
  6667 | D:6      | Found a sacrificial altar of Ru.
  6711 | D:6      | Reached skill level 5 in Fighting
  6793 | D:6      | Noticed Duvessa
  6793 | D:6      | Noticed Dowan
  6806 | D:6      | Killed Duvessa
  6815 | D:6      | Killed Dowan
  6983 | D:4      | Bought a +0 pair of boots of flying for 149 gold pieces
  7683 | D:7      | Reached skill level 1 in Throwing
  8039 | D:7      | Noticed a +0 dagger
  8039 | D:7      | Noticed a +0 falchion
  8040 | D:7      | Noticed a +0 spear
  8040 | D:7      | Noticed a +0 short sword
  8047 | D:7      | Noticed a +0 spear
  8047 | D:7      | Noticed a +0 falchion
  8048 | D:7      | Noticed a +0 short sword
  8051 | D:7      | Noticed a +0 dagger
  8076 | D:7      | Found a hide-covered altar of Uskayaw.
  8090 | D:7      | Reached skill level 5 in Unarmed Combat
  8090 | D:7      | Reached XP level 10. HP: 60/60 MP: 7/13
  8138 | D:7      | Found a transporter.
  8177 | D:7      | Found a staircase to the Ecumenical Temple.
  8208 | Temple   | Entered the Ecumenical Temple
  8219 | Temple   | Became a worshipper of the Wu Jian Council
  8539 | D:7      | Found a transporter.
  8539 | D:7      | Noticed Kave's ghost (novice TrSh)
  8541 | D:7      | Noticed a cyclops
  9061 | D:8      | Noticed Maurice
  9075 | D:8      | Killed Maurice
  9224 | D:8      | Reached * piety under Wu Jian
  9854 | D:9      | Noticed Maggie
  9858 | D:9      | Killed Maggie
 10167 | D:9      | Found a staircase to the Orcish Mines.
 10229 | D:9      | Found a shimmering blue altar of Sif Muna.
 10275 | D:9      | Reached XP level 11. HP: 46/67 MP: 12/17
 10624 | D:9      | Reached skill level 10 in Short Blades
 10903 | D:9      | Learned a level 4 spell: Summon Lightning Spire
 10904 | D:10     | Entered Level 10 of the Dungeon
 11048 | D:10     | Found a flagged portal.
 11054 | Bailey   | Entered a bailey
 11222 | Bailey   | Reached skill level 1 in Air Magic
 11300 | Bailey   | Noticed an orc warlord
 11446 | Bailey   | Reached ** piety under Wu Jian
 11485 | Bailey   | Killed an orc warlord
 11798 | Bailey   | Acquired 847 gold pieces
 11974 | D:10     | Noticed a two-headed ogre
 11993 | D:10     | Killed a two-headed ogre
 12124 | D:10     | Found a shadowy altar of Dithmenos.
 12244 | D:10     | Found Gesinnam's Assorted Antiques.
 12248 | D:10     | Bought a blackened diamond ring for 160 gold pieces
 13136 | D:11     | Noticed a cyan ugly thing
 13159 | D:11     | Killed a cyan ugly thing
 13252 | D:11     | Reached skill level 10 in Summonings
 13403 | D:11     | Noticed Nergalle
 14140 | D:11     | Noticed Erolcha
 14188 | D:12     | Reached XP level 12. HP: 34/71 MP: 9/18
 14404 | D:12     | Reached skill level 5 in Evocations
 14485 | D:12     | HP: 4/114 [poisoned by a meliai]
 14486 | D:12     | HP: 1/114 [poisoned by a meliai]
 14487 | D:12     | Succumbed to a meliai's poison

Illustrated notes

Levels and vault maps discovered:
D:1:      psy_arrival_radial01, layout_loops_ring, serial_shops,
          nicolae_shop_gibbet_a_chance, minivault_4
D:2:      layout_basic
D:3:      layout_loops_corners, gammafunk_temple_overflow_forgotten,
          nicolae_titane, uniq_terence, uniq_grinder, uniq_sigmund, uniq_natasha
D:4:      layout_rooms, nicolae_qazlal_beasts_of_the_sky,
          lightli_ossuary_entry_decrepit_ruins, gammafunk_ghost_stat_death,
          serial_shops, nicolae_shop_advertising_works
          [nicolae_subvault_shop_adworks], nicolae_the_louvre
D:5:      layout_loops_ring, hellmonk_ghost_happy_afterlife
D:6:      layout_loops_corners, mainiacjoe_overflow_tiny_flanked, uniq_duvessa
D:7:      layout_layer_cave, nicolae_uskayaw_en_pointe,
          minmay_temple_entry_nine_rooms, gammafunk_ghost_arena
D:8:      layout_rooms, hangedman_decor_push, uniq_maurice
D:9:      layout_basic, lemuel_doored_altar, orc_0_dummy, uniq_maggie
D:10:     nicolae_BIG_FREAKIN_CUBE, layout_stronghold, grunt_dithmenos_smoke,
          serial_shops, shop, enter_bailey_6, grunt_ministairs_8
D:11:     layout_basic, grunt_lair_entry_orc_guard_hut, serial_bayou,
          serial_bayou_shore_b, serial_bayou_pond_d, serial_bayou_crossing,
          serial_bayou_pond_b, uniq_erolcha, uniq_nergalle, uniq_psyche
D:12:     nicolae_whirlpool, layout_stronghold, eino_jars, uniq_nessos,
          uniq_sonja
Temple:   eino_temple_water

Skill      XL: |  1  2  3  4  5  6  7  8  9 10 11 12 |
---------------+-------------------------------------+-----
Fighting       | 1 2 3 4 6 7 9 |  9.0
Summonings     | 6 7 8 9 10 | 10.1
Short Blades   | 3 4 6 9 10 | 10.0
Evocations     | 2 3 4 5 |  5.1
Hexes          | 3 4 |  4.0
Unarmed Combat | 1 5 6 |  6.4
Throwing       | 2 4 |  4.0
Spellcasting   | 4 |  4.2
Air Magic      | 4 |  4.3
Dodging        | 3 |  3.5
Stealth        | |  2.6

Action                     |  1- 3 |  4- 6 |  7- 9 | 10-12 || total
---------------------------+-------+-------+-------+-------++-------
  Melee: Unarmed           |     7 |       |    13 |       ||    20
         Hand axe          |    21 |    19 |       |       ||    40
         Dagger            |       |    18 |     8 |   398 ||   424
         Punch             |       |     1 |     8 |    22 ||    31
         Short sword       |       |       |   179 |    20 ||   199
  Throw: Dart              |       |       |       |     7 ||     7
   Cast: Summon Small Mamm |    11 |     1 |     1 |       ||    13
         Call Imp          |     9 |    17 |    49 |    27 ||   102
         Call Canine Famil |     2 |     6 |    48 |    51 ||   107
         Summon Guardian G |       |       |     3 |     7 ||    10
         Sigil of Binding  |       |       |     1 |     2 ||     3
         Summon Lightning  |       |       |       |     3 ||     3
Ability: Lunge             |       |       |       |    68 ||    68
         Whirlwind         |       |       |       |    60 ||    60
         Wall Jump         |       |       |       |     1 ||     1
  Evoke: Wand              |       |       |     6 |    16 ||    22
         Lightning rod     |       |       |       |     6 ||     6
    Use: Scroll            |       |     4 |     5 |     7 ||    16
         Potion            |       |     1 |     3 |     7 ||    11
   Stab: Sleeping          |     3 |     2 |     9 |    17 ||    31
         Distracted        |       |     1 |     5 |     3 ||     9
         Invisible         |       |       |       |     4 ||     4
 Armour: Robe              |     8 |    10 |    58 |   127 ||   203
         Skin              |       |       |    15 |     7 ||    22
  Dodge: Dodged            |    18 |    22 |   139 |   154 ||   333

Table legend: (Time is in decaauts)
 A = Elapsed time spent in this place.
 B = Non-inter-level travel time spent in this place.
 C = Inter-level travel time spent in this place.
 D = Time resting spent in this place.
 E = Time spent auto-exploring this place.
 F = Levels seen in this place.
 G = Mean time per level.
                   A        B        C        D        E       F      G
               +--------+--------+--------+--------+--------+-----+--------+
         Total |  14361 |  13857 |    504 |    829 |   9898 |  15 |  957.4 |
       Dungeon |  12995 |  12511 |    484 |    646 |   9486 |  12 | 1082.9 |
        Temple |     22 |      2 |     20 |      0 |      0 |   1 |   22.0 |
       Ossuary |    601 |    601 |      0 |     82 |    214 |   1 |  601.0 |
        Bailey |    741 |    741 |      0 |    101 |    198 |   1 |  741.0 |
               +--------+--------+--------+--------+--------+-----+--------+

Top non-repeatable levels by time:
    D:10: 1486 daAuts
     D:7: 1486 daAuts
     D:3: 1452 daAuts
     D:9: 1402 daAuts
     D:6: 1267 daAuts
     D:5: 1012 daAuts
    D:11: 1005 daAuts
     D:1: 1003 daAuts
     D:4: 1000 daAuts
     D:2: 966 daAuts
  Bailey: 741 daAuts
     D:8: 640 daAuts
 Ossuary: 601 daAuts
    D:12: 271 daAuts
  Temple: 22 daAuts
